 Dungeon Crawl Stone Soup version 0.18-a0-902-g8738618 (webtiles) character file.

1 Jmtri7 the Charlatan (level 1, -1/15 HPs)
             Began as a Formicid Artificer on Dec 25, 2015.
             Killed from afar by a deep elf mage (16 damage)
             ... with a bolt of fire
             ... on level 15 of the Dungeon.
             The game lasted 00:00:48 (75 turns).

Jmtri7 the Charlatan (Formicid Artificer)             Turns: 75, Time: 00:00:48

Health: -1/15      AC:  3    Str: 15    XL:     1   Next: 22%
Magic:  3/3        EV: 11    Int: 11    God:
Gold:   8          SH:  0    Dex: 11    Spells: 0 memorised, 0 levels left

rFire  . . .     SeeInvis +     a - +0 short sword
rCold  . . .     Gourm    .     b - +0 leather armour
rNeg   . . .     Faith    .     (no shield)
rPois  .         Spirit   .     (helmet unavailable)
rElec  .         Dismiss  .     (no cloak)
rCorr  .         Reflect  .     (no gloves)
SustAt .         Harm     .     (no boots)
MR     .....                    (no amulet)
Stlth  +.........               (no ring)
                                (no ring)

@: not resistant to hostile enchantments, very unstealthy
A: permanent stasis, dig shafts and tunnels, four strong arms, antennae 3
a: Dig, Shaft Self


You were on level 15 of the Dungeon.
You were not hungry.

You visited 1 branch of the dungeon, and saw 9 of its levels.

You collected 8 gold pieces.

Inventory:

Hand Weapons
 a - a +0 short sword (weapon)
Armour
 b - a +0 leather armour (worn)
Wands
 c - a wand of flame (15/48)
 e - a wand of random effects (15/48)
Comestibles
 f - a bread ration


   Skills:
 - Level 1.1 Fighting
 - Level 1.0 Short Blades
 - Level 1.7 Dodging
 - Level 1.2 Stealth
 + Level 3.4 Evocations


You couldn't memorise any spells.
You didn't know any spells.

Dungeon Overview and Level Annotations

Branches:
Dungeon (3/15)

Altars:


Innate Abilities, Weirdness & Mutations

You are under a permanent stasis effect.
You can dig through walls and to a lower floor.
Your four strong arms can wield two-handed weapons with a shield.
You have a pair of large antennae on your head (SInv).


Message History

Found 18 gold pieces.
Found a dagger and a coppery potion.
Found 13 bolts of frost.
You can't shaft yourself on this level.
The deep elf mage is no longer charmed.
Found 17 stones.
Zapping:
d - a wand of enslavement (14/24)
Press: ? - help, Shift-Dir - straight line, f/p - deep elf mage
Aim: a deep elf mage, wielding a short sword and wearing a scale mail (chance to defeat MR: 35%)
The deep elf mage easily resists.
This wand has 13 charges left.
Zapping:
d - a wand of enslavement (13/24)
Press: ? - help, Shift-Dir - straight line, f/p - deep elf mage
Aim: a deep elf mage, wielding a short sword and wearing a scale mail (chance to defeat MR: 35%)
The deep elf mage easily resists.
This wand has 12 charges left.
The deep elf mage gestures wildly while chanting.
You drop a wand of enslavement (12/24).
The deep elf mage casts a spell at you. The bolt of fire hits you!
Ouch! That really hurt!
You die...

#..# ...# ...#..# #
...#{ .≈.#..# .#
...########...#..# ..#
........!.....#..##..#
.............##....(.#
........)....##.E....#
.............##.@#
.............##Ee#
.............##..#
....#............#
....#............#
....#........###.#
....#........# #.#
....#........# #.#
....#........# #.# {


You could see a deep elf mage and 2 fire elementals.

Vanquished Creatures
  A giant cockroach (D:2)
1 creature vanquished.

Notes
Turn   | Place    | Note
--------------------------------------------------------------
     0 | D:1      | Jmtri7 the Formicid Artificer began the quest for the Orb.
     0 | D:1      | Reached XP level 1. HP: 15/15 MP: 3/3
    19 | D:1      | You fall through a shaft!
    24 | D:2      | You fall through a shaft!
    27 | D:3      | You fall through a shaft for 2 floors!
    27 | D:5      | Entered Level 5 of the Dungeon
    30 | D:5      | You fall through a shaft!
    33 | D:6      | You fall through a shaft!
    36 | D:7      | You fall through a shaft for 3 floors!
    36 | D:10     | Entered Level 10 of the Dungeon
    39 | D:10     | You fall through a shaft for 3 floors!
    43 | D:13     | You fall through a shaft for 2 floors!
    43 | D:15     | Entered Level 15 of the Dungeon
    43 | D:15     | Noticed a deep elf mage
    75 | D:15     | Noticed a fire elemental
    75 | D:15     | Noticed a fire elemental
    75 | D:15     | Killed from afar by a deep elf mage

Vault maps used:
D:1:      dpeg_arrival_more_subterranean_lakeside_camping
D:2:      lemuel_coloured_pillars_altar, first_bread
D:3:      nicolae_ru_sacrificial_ziggurat, uniq_jessica
D:5:      basic_altar, minmay_misc_feat_room
D:7:      minmay_temple_entry_glass, grunt_livestock, xom_shifter_show
D:13:     erik_vaults_1, minmay_misc_feat_square, uniq_sonja, uniq_maurice
D:15:     hangedman_depths_entry_try_elsewhere_first, tso_altar

Action                   || total
-------------------------++-------
Melee: Short sword       ||     1
 Abil: Shaft Self        ||     8
Evoke: Wand              ||     3
